Map: Ephemeron LE

Players

Denver

  • Race: Zerg Zerg
  • Spawn Location: 11:00

MaNa - Winner!

  • Race: Protoss Protoss
  • Spawn Location: 5:00

Event: IEM Katowice 2020

VOD

Have the link to the VOD?

Description

Time

  • Played on: Feb. 24, 2020, 6:36 a.m.
  • Length: 7:31

All games in this series

Show
View Real Time Build Order
Export as new Build Order

Denver Zerg 

Build Orders: Hatch First 

Get SALT Encoding   

  12  0:01  Drone  
  13  0:13  Overlord  
  13  0:18  Drone  
  14  0:32  Drone x2  
  16  0:51  Hatchery  
  16  0:53  Drone  
  17  0:57  Drone  
  17  1:01  Drone  
  18  1:11  Extractor  
  18  1:16  Spawning Pool  
  16  1:19  Drone  
  16  1:24  Drone  
  18  1:29  Drone  
  19  1:39  Drone  
  20  1:51  Drone  
  21  2:03  Queen  
  21  2:04  Zergling x4, Queen  
  27  2:12  Overlord  
  27  2:15  Metabolic Boost  
  27  2:18  Drone  
  28  2:32  Drone x2  
  30  2:43  Hatchery  
  29  2:45  Drone  
  29  2:48  Drone  
  31  2:53  Overlord  
  31  2:58  Drone x2  
  31  3:03  Zergling x2  
  34  3:08  Zergling x2  
  34  3:10  Zergling x2  
  36  3:15  Drone x2  
  37  3:28  Drone x3  
  40  3:34  Drone x2  
  40  3:36  Spore Crawler  
  40  3:37  Queen  
  43  3:42  Overlord x2  
  43  3:47  Spore Crawler  
  42  3:51  Drone x2  
  44  3:55  Drone x2  
  44  3:56  Drone  
  45  4:04  Roach Warren  
  45  4:07  Lair  
  44  4:11  Drone x3  
  44  4:16  Drone x2  
  49  4:21  Extractor  
  49  4:22  Extractor  
  49  4:23  Drone x3  
  48  4:35  Drone  
  48  4:36  Drone  
  50  4:44  Roach  
  50  4:45  Roach x6  
  64  4:50  Roach  
  64  4:51  Overlord  
  66  4:59  Overlord  
  66  5:09  Roach x4  
  66  5:13  Overlord  
  66  5:14  Glial Reconstitution, Roach  
  74  5:21  Roach x2  
  63  5:28  Roach  
  55  5:36  Drone x3  
  56  5:51  Overseer  
  54  6:00  Drone  
  52  6:06  Drone  
  52  6:11  Drone  
  54  6:14  Drone  
  54  6:17  Drone  
  56  6:20  Drone  
  56  6:22  Drone  
  56  6:25  Drone  
  59  6:28  Drone  
  59  6:31  Drone  
  61  6:34  Drone  
  62  6:43  Drone x3  
  62  6:46  Drone x2  
  67  6:47  Drone  
  67  6:52  Roach  
  70  6:55  Roach  
  70  6:57  Ravager  
  73  7:01  Roach  
  75  7:10  Roach x2  
  75  7:13  Zergling x2  
  75  7:14  Zergling x6  
Show
View Real Time Build Order
Export as new Build Order

MaNa Protoss - Winner!

Build Orders: 1 Gate Expand, Mass Adepts, Zealot Archon 

Get SALT Encoding   

  12  0:00  Probe  
  13  0:14  Pylon  
  13  0:18  Probe (Chrono Boost)  
  14  0:27  Probe (Chrono Boost)  
  15  0:32  Probe (Chrono Boost)  
  16  0:41  Gateway  
  16  0:44  Probe  
  17  0:51  Assimilator  
  17  0:56  Probe  
  18  1:09  Probe  
  19  1:21  Probe  
  20  1:28  Cybernetics Core  
  20  1:36  Probe  
  21  1:41  Nexus  
  21  1:48  Pylon  
  21  1:51  Probe  
  22  1:57  Assimilator  
  22  2:03  Probe, Adept (Chrono Boost)  
  25  2:16  Probe  
  25  2:21  Warp Gate  
  26  2:24  Adept (Chrono Boost)  
  26  2:28  Probe  
  29  2:40  Probe  
  30  2:44  Twilight Council  
  30  2:51  Stalker (Chrono Boost)  
  30  2:54  Probe x2  
  34  3:05  Robotics Facility  
  34  3:06  Probe x2  
  36  3:18  Probe x2  
  38  3:30  Probe x2  
  38  3:31  Gateway  
  38  3:32  Gateway  
  38  3:33  Resonating Glaives (Chrono Boost)  
  40  3:34  Gateway  
  40  3:42  Probe x2  
  42  3:54  Warp Prism (Chrono Boost)  
  43  4:04  Probe  
  44  4:10  Adept, Pylon  
  46  4:18  Assimilator  
  46  4:20  Assimilator  
  46  4:22  Pylon  
  46  4:30  Adept x3  
  53  4:33  Adept  
  54  4:40  Probe x2  
  56  4:48  Pylon  
  56  4:50  Adept x3  
  64  5:11  Adept x4  
  70  5:25  Nexus  
  70  5:35  Immortal (Chrono Boost)  
  70  5:41  Sentry  
  70  5:44  Pylon  
  70  5:46  Pylon  
  70  5:56  Probe x2  
  70  6:07  Sentry x2, Stalker x2  
  70  6:09  Probe  
  79  6:11  Pylon, Immortal (Chrono Boost)  
  79  6:18  Forge  
  83  6:19  Templar Archives  
  83  6:22  Probe  
  84  6:38  Adept x4  
  92  6:43  Probe x3  
  95  6:55  Probe  
  95  6:58  High Templar  
  95  6:59  High Templar, Zealot x2  
  95  7:00  Probe  
  105  7:02  Archon  
  105  7:15  Probe x2  
  101  7:27  Sentry  
  101  7:28  Stalker  

Tags
 
Add a new tag
Caveats
  • Supply blocks, unpowered buildings, or Contaminate may cause inaccurate times.
  • Supply counts are checked every 10 seconds.